 Dungeon Sprint DCSS version 0.27-a0-1181-g5f64966fcc (webtiles) character file.

Game seed: 9849066400201112105

360 Zeld the Arsonist (level 6, -17/45 HPs)
             Began as an Octopode Fire Elementalist on May 18, 2021.
             Was a Believer of Sif Muna.
             Splashed by an acid dragon (shapeshifter)'s acid (19 damage)
             ... in the Dungeon (Sprint V: "Ziggurat Sprint").
             The game lasted 00:01:32 (260 turns).

Zeld the Arsonist (Octopode Fire Elementalist)       Turns: 260, Time: 00:01:33

Health: -17/45     AC:  1    Str:  7    XL:     6   Next: 65%
Magic:  14/14      EV: 15    Int: 31    God:    Sif Muna [**....]
Gold:   0          SH:  0    Dex: 13    Spells: 3/16 levels left

rFire    . . .     SeeInvis .   (no weapon)
rCold    . . .     Faith    .   (no shield)
rNeg     . . .     Spirit   .   (helmet restricted)
rPois    .         Reflect  .   v - amulet of regeneration
rElec    .         Harm     .   p - +6 ring of intelligence
rCorr    .         Rampage  .   q - +6 ring of intelligence
Will     .....     NoTele   +   (no ring)
Stlth    +++.......             (no ring)
HPRegen  1.15/turn              (no ring)
MPRegen  0.14/turn              (no ring)
                                (no ring)
                                (no ring)

@: no status effects
A: almost no armour, amphibious, 8 rings, camouflage 1, gelatinous body 1,
(nimble swimmer 1), tentacles
a: Renounce Religion, Channel Magic


You were in the Dungeon.
You worshipped Sif Muna.
Sif Muna was pleased with you.
You visited 1 branch

Inventory:

Jewellery
 p - a +6 ring of intelligence (left tentacle)
 q - a +6 ring of intelligence (right tentacle)
 v - an amulet of regeneration (around mantle)
Wands
 s - a wand of mindburst (7)
 u - a wand of acid (7)
Scrolls
 g - 4 scrolls of blinking
 j - 4 scrolls of amnesia
 l - 7 scrolls of fog
 m - a scroll of holy word
 n - 5 scrolls of identify
 o - 2 scrolls of fear
Potions
 a - 2 potions of brilliance
 b - 10 potions of curing
 c - 10 potions of heal wounds
 d - 6 potions of haste
 e - 7 potions of magic
 f - 3 potions of berserk rage
 h - 2 potions of invisibility
 i - 4 potions of resistance
 k - 5 potions of might
Miscellaneous
 r - a lightning rod (2/4)


   Skills:
 + Level 5.4 Fighting
 + Level 6.0 Dodging
 - Level 2.6 Stealth
 + Level 5.5 Spellcasting
 - Level 1.0 Conjurations
 * Level 8.6 Fire Magic
 * Level 6.9 Invocations


You had 3 spell levels left.
You knew the following spells:

 Your Spells              Type           Power      Damage    Failure   Level
a - Foxfire               Conj/Fire      100%       2x1d9     1%          1
b - Conjure Flame         Conj/Fire      38%        6-21      2%          3
c - Sticky Flame          Conj/Fire      38%        2d6       7%          4
d - Fireball              Conj/Fire      19%        3d9       21%         5

Your spell library contained the following spells:

 Spells                   Type           Power      Damage    Failure   Level
 Inner Flame              Hex/Fire       35%        N/A       2%          3


Dungeon Overview and Level Annotations

Branches:
Dungeon (1/1)

Altars:
Ashenzari
Cheibriados
Dithmenos
Elyvilon
Fedhas
Gozag
Hepliaklqana
Kikubaaqudgha
Makhleb
Nemelex Xobeh
Okawaru
Qazlal
Ru
Sif Muna
Trog
Uskayaw
Vehumet
Wu Jian
Xom
Yredelemnul
Zin
The Shining One
Beogh
Jiyva
Lugonu

Annotations:
D 1 transporter


Innate Abilities, Weirdness & Mutations

You cannot wear most types of armour.
You are amphibious.
You can wear up to eight rings at the same time.
Your skin changes colour to match your surroundings (Stealth+).
Your rubbery body absorbs attacks. (AC +1, EV +1)
((You are camouflaged near water. (Stealth+)))
You have tentacles for arms and can constrict up to eight enemies at once.


Message History

Memorise Fireball, consuming 5 spell levels and leaving 3?
You start memorising the spell.
You continue memorising. x5
You feel yourself speed up.
You finish memorising.
Spell assigned to 'd'.
You start resting.
Magic restored.
You start waiting.
You see here a +0 morningstar of protection.
You see here a staff of death.
There is a transporter here.
Welcome to arena 4.
You enter the transporter and appear at another place.
A fire bat, an acid dragon, an ugly thing and a human come into view.
The human shouts!
The white ugly thing gurgles horribly!
The acid dragon roars!
Found four items.
Found a transporter.
Aiming: Thunderbolt
Press: ? - help, Shift-Dir - straight line, f - acid dragon
Aim: an acid dragon The thunderbolt hits the acid dragon.
The acid dragon is moderately wounded.
The thunderbolt hits the white ugly thing!
The white ugly thing is moderately wounded.
The fire bat bites you.
You are engulfed in flames!
Press: ? - help, v - describe, . - travel
Here: a fire bat The floor.
Unknown command.
Aiming: Thunderbolt
Press: ? - help, Shift-Dir - straight line, p - acid dragon The thunderbolt hits the white ugly thing!!
The white ugly thing is heavily wounded.
The thunderbolt hits the fire bat!!
The fire bat is almost dead.
The fire bat bites you.
You are engulfed in flames!
The fire bat bites you.
You are engulfed in flames!
The acid dragon spits acid at you. The splash of acid hits you!
* * * LOW HITPOINT WARNING * * *
You are splashed with acid!!
You die...

▓..©..▓..©..▓▓▓▓▓▓▓
▓▓▓▓▓▓▓▓▓▓▓▓▓▓
▓..8©8...▓
▓..::[...▓
▓..D[....▓
▓...up...▓
........▓
▓.▓..b.▓.▓
▓...@....▓
▓▓▓▓▓▓▓▓▓▓


You could see a white ugly thing, a human, an acid dragon (catching breath) and
a fire bat.

Vanquished Creatures
  A guardian mummy (D)
  A crimson imp (D)
  An iron imp (D)
  An orc wizard (D)
  2 mummies (D)
  2 orcs (D)
  A quokka zombie (D)
9 creatures vanquished.

Vanquished Creatures (others)
  8 foxfires (D)
8 creatures vanquished.

Grand Total: 17 creatures vanquished

Notes
Turn   | Place    | Note
-------+----------+-------------------------------------------
     0 | D        | Zeld the Octopode Fire Elementalist began the quest for the
                  | Orb.
     0 | D        | Reached XP level 1. HP: 11/11 MP: 3/3
     0 | D        | Found a shimmering blue altar of Sif Muna.
     0 | D        | Found a bloodstained altar of Trog.
     0 | D        | Found a sacrificial altar of Ru.
     0 | D        | Found a stormy altar of Qazlal.
     0 | D        | Found an iron altar of Okawaru.
     1 | D        | Found a sparkling altar of Nemelex Xobeh.
     1 | D        | Found a blossoming altar of Fedhas.
     2 | D        | Found the +6 Majin-Bo {vamp, MP+6 Int+6}
     2 | D        | Found the +9 heavy crossbow "Sniper" {vorpal, Acc+∞ SInv}
     2 | D        | Found the +10 dark maul {vorpal}
     2 | D        | Found the +15 Maxwell's patent armour {-Cast -Tele rElec
                  | Will+ rCorr}
     2 | D        | Found the +18 shield of the Gong {rElec rN+ Will+ EV-5}
     2 | D        | Found the +14 obsidian axe {vorpal, Drain Fly SInv}
     2 | D        | Found the +7 great mace "Firestarter" {inner flame, rF++}
     2 | D        | Found the +6 shillelagh "Devastator" {shatter}
     2 | D        | Found the +11 plutonium sword {Contam Stlth-}
     2 | D        | Found the +8 lance "Wyrmbane" {slay drac, rPois rF+ rC+
                  | AC+3}
     2 | D        | Found the +9 sword of Zonguldrok {reap}
     2 | D        | Found the +13 scythe of Curses {drain, Drain}
     2 | D        | Found the +5 sword of Power {vorpal}
     2 | D        | Found the +7 mace of Variability {chain chaos}
     2 | D        | Found the +7 Singing Sword {vorpal, sonic wave}
     2 | D        | Found the +8 storm bow {elec, penet}
     3 | D        | Reached skill level 5 in Fire Magic
     3 | D        | Reached XP level 2. HP: 21/21 MP: 3/6
     4 | D        | Found a transporter.
     4 | D        | Found an ancient bone altar of Kikubaaqudgha.
     4 | D        | Found a viscous altar of Jiyva.
     4 | D        | Found a corrupted altar of Lugonu.
     4 | D        | Found a hazy altar of Hepliaklqana.
     4 | D        | Found a burning altar of Makhleb.
     4 | D        | Found an opulent altar of Gozag.
    28 | D        | Became a worshipper of Sif Muna the Loreminder
    83 | D        | Entered arena 2.
    83 | D        | Noticed a crimson imp
    83 | D        | Found a transporter.
    85 | D        | Killed a crimson imp
    86 | D        | Reached skill level 6 in Fire Magic
    86 | D        | Reached XP level 3. HP: 27/27 MP: 6/8
    86 | D        | Reached XP level 4. HP: 33/33 MP: 7/10
    90 | D        | Learned a level 3 spell: Conjure Flame
    95 | D        | Learned a level 4 spell: Sticky Flame
   113 | D        | Entered arena 3.
   113 | D        | Found a transporter.
   116 | D        | Reached * piety under Sif Muna
   152 | D        | Entered arena 4.
   152 | D        | Noticed a guardian mummy
   152 | D        | Found a transporter.
   153 | D        | Reached ** piety under Sif Muna
   156 | D        | Reached skill level 7 in Fire Magic
   156 | D        | Reached XP level 5. HP: 37/37 MP: 11/11
   159 | D        | Killed a guardian mummy
   160 | D        | Reached skill level 5 in Fighting
   160 | D        | Reached skill level 5 in Spellcasting
   160 | D        | Reached skill level 8 in Fire Magic
   160 | D        | Reached XP level 6. HP: 45/45 MP: 11/14
   166 | D        | Learned a level 5 spell: Fireball
   258 | D        | Entered arena 5.
   258 | D        | Noticed a fire bat
   258 | D        | Noticed a white ugly thing
   258 | D        | Noticed a human
   258 | D        | Noticed an acid dragon
   258 | D        | Found a transporter.
   260 | D        | HP: 2/45 [acid dragon (shapeshifter)/splash of acid (12)]
   260 | D        | Splashed by an acid dragon (shapeshifter)'s acid

Illustrated notes

Levels and vault maps discovered:
D:        sprint_v [room_start, room_1, room_2, room_3, room_4, room_5, room_6,
          room_7, room_8, room_9, room_10, room_11, room_12, room_13, room_14,
          room_15, room_16, room_17, room_18, room_19, room_20, room_21,
          room_22, room_23, room_24, room_25, room_26, room_27]

Skill      XL: |  1  2  3  4  5 |
---------------+----------------+-----
Fighting       | 3 4 5 |  5.4
Dodging        | 3 4 6 |  6.0
Spellcasting   | 3 4 5 |  5.5
Fire Magic     | 5 6 7 8 |  8.6
Invocations    | 3 4 6 |  6.9
Stealth        | |  2.6
Conjurations   | |  1.0

Action                   |  1- 3 |  4- 6 || total
-------------------------+-------+-------++-------
Melee: Unarmed           |       |     3 ||     3
       Tentacles         |       |     1 ||     1
 Cast: Foxfire           |       |     4 ||     4
Evoke: Wand              |     2 |     5 ||     7
       Lightning rod     |       |     4 ||     4
  Use: Potion            |     1 |       ||     1
Dodge: Dodged            |       |     1 ||     1

Table legend: (Time is in decaauts)
 A = Elapsed time spent in this place.
 B = Non-inter-level travel time spent in this place.
 C = Inter-level travel time spent in this place.
 D = Time resting spent in this place.
 E = Time spent auto-exploring this place.
 F = Levels seen in this place.
 G = Mean time per level.
                   A        B        C        D        E       F      G
               +--------+--------+--------+--------+--------+-----+--------+
         Total |    262 |    253 |      9 |    131 |     14 |   1 |  262.0 |
       Dungeon |    262 |    253 |      9 |    131 |     14 |   1 |  262.0 |
               +--------+--------+--------+--------+--------+-----+--------+

Top non-repeatable levels by time:
       D: 262 daAuts
